Mr T, lawful female human Valkyrie --------- ##-.......| --------- ----- # |.......| |........##### #--------------- #....|`####|.......| |.......| #..............| #%#|>..|## ----.|--- |........######`|.............|`##########%#.....## # |)......| #|.............|# ### |...|# # |........## `--------------- # |...|# ### |.......| # ##### ############` ### -----# # --------- ############`########################### ### # ### ### # # # -----.- ###### ### |.....| --|---.--# |.....| |........# |...c.| |......<| |.(@..| |.......- |_....| -+------- ------- Mr T the Woman-at-arms Experience level: 11 Strength: 18/01 Dexterity: 13 Constitution: 18 Intelligence: 7 Wisdom: 11 Charisma: 10 Health: 104(112) Energy: 34(34) Def: 0 Gold: 0 Moves: 19240 Dungeon seed: JvVWE2-SZGeIAWNx Game ID: Mr T_1567041249 Your Inventory: Amulets m - a cursed amulet of restful sleep (being worn) Spells and supernatural/magical abilities: Name Level Category Fail Memory e - charm monster 3 enchantment 100% 11% l - light 1 divination 57% 5% W - pray for help -- divine ? -- Your skills at the end: Fighting Skills Weapon Skills dagger [Basic] long sword [Skilled] hammer [Expert] Spellcasting Skills Final Attributes: You were piously aligned. You were cold resistant. You fell asleep. You were telepathic. You were stealthy. You were fast. You were very lucky. You are dead. Vanquished creatures: a ghost 2 giant mimics a long worm a stalker a sergeant 2 winter wolves a small mimic a quantum mechanic a troll a wood golem a large dog 2 shocking spheres 3 large cats a gargoyle a dwarf king an elf mummy 4 leather golems 4 Grey-elves 2 chameleons a crocodile 4 giant beetles a quivering blob a cockatrice 4 wolves 3 winter wolf cubs a panther a gremlin 2 spotted jellies 2 orc-captains 2 giant spiders an ice vortex a black light a vampire bat 2 forest centaurs 10 gnome kings an orc mummy 8 brown puddings 4 rust monsters an owlbear 3 gold golems a werewolf 3 lizards a dog 2 dingos a jaguar a dwarf lord a blue jelly a gray unicorn a black unicorn 2 dust vortices 2 ravens 2 plains centaurs 2 gnome mummies a snake 4 apes 4 human zombies 2 rope golems 4 Woodland-elves 13 bugbears an imp 2 quasits a wood nymph a mountain nymph 10 Mordor orcs 21 Uruk-hai 5 orc shamans a rock piercer 5 rock moles 2 ponies 2 fog clouds 5 yellow lights a shrieker a violet fungus 23 gnome lords 14 gnomish wizards a kobold mummy a black naga hatchling a golden naga hatchling 2 gray oozes an elf zombie a ghoul a straw golem 3 paper golems 10 giant ants a little dog 5 floating eyes 4 kittens 5 dwarves a homunculus 2 kobold lords a kobold shaman 4 hill orcs 3 rothes 2 rabid rats 3 centipedes 4 giant bats 8 monkeys 3 orc zombies 3 dwarf zombies 2 wererats 7 iguanas 13 killer bees 3 acid blobs 3 coyotes a gas spore a hobbit 3 manes 4 large kobolds 18 hobgoblins 2 giant rats 6 cave spiders 5 brown molds 7 yellow molds a green mold a red mold 77 gnomes 2 gnome zombies 7 geckos 7 jackals 6 foxes 5 kobolds 12 goblins 6 sewer rats 20 grid bugs 7 bats 9 lichens 2 kobold zombies 5 newts 540 creatures vanquished. Voluntary challenges: You had been an atheist until turn 3808. You used a wielded weapon 666 times, starting on turn 50. You read items or engraved 23 times, starting on turn 96. You never genocided any monsters. You never polymorphed an object. You never changed form. You used no wishes. You split 5 puddings, starting on turn 7646. You never wrote Elbereth's name. You never violated your personal moral code. Dungeon overview: The Dungeons of Doom: levels 1 to 12 Level 1 a sink a long staircase Level 2 a potion shop stairs to The Gnomish Mines Level 3 Level 4 some fountains, a sink Level 5 a fountain Level 6 some fountains Level 7 a potion shop stairs to Sokoban Level 8 <- You were here an altar to Tyr Level 9 a fountain Level 10 a sink Level 11 Level 12 The Gnomish Mines: levels 3 to 11 Level 3 stairs to The Dungeons of Doom Level 4 Level 5 some shops, a temple to Loki, some fountains, a sink Level 6 Level 7 Level 8 Level 9 Level 10 Level 11 a fountain Sokoban: levels 3 to 6 Level 3 Level 4 Level 5 Level 6 stairs to The Dungeons of Doom History has recorded: On T:1 you entered the Dungeons of Doom to retrieve the Amulet of Yendor! On T:420 you reached level 2 of The Dungeons of Doom. On T:441 you reached level 1 of The Gnomish Mines. On T:454 you advanced to experience level 2. On T:538 you reached level 3 of The Dungeons of Doom. On T:641 you advanced to experience level 3. On T:856 you reached level 4 of The Dungeons of Doom. On T:898 you advanced to experience level 4. On T:1422 you reached level 6 of The Dungeons of Doom. On T:1534 you reached level 7 of The Dungeons of Doom. On T:1552 you advanced to experience level 5. On T:1778 you reached level 5 of The Dungeons of Doom. On T:2038 you advanced to experience level 6. On T:3077 you reached level 4 of Sokoban. On T:3380 you advanced to experience level 7. On T:3719 you reached level 8 of The Dungeons of Doom. On T:3745 you reached level 9 of The Dungeons of Doom. On T:4468 you received Mjollnir from Tyr. On T:5032 you reached level 3 of Sokoban. On T:5966 you reached level 2 of Sokoban. On T:6484 you advanced to experience level 8. On T:6530 you reached level 1 of Sokoban. On T:8439 you reached level 2 of The Gnomish Mines. On T:8899 you reached level 3 of The Gnomish Mines. On T:9178 you reached level 5 of The Gnomish Mines. On T:9239 you reached level 6 of The Gnomish Mines. On T:9443 you reached level 4 of The Gnomish Mines. On T:9699 you advanced to experience level 9. On T:12399 you reached level 7 of The Gnomish Mines. On T:12878 you reached level 8 of The Gnomish Mines. On T:13211 you reached level 9 of The Gnomish Mines. On T:14368 you advanced to experience level 10. On T:16832 you reached level 10 of The Dungeons of Doom. On T:17396 you reached level 11 of The Dungeons of Doom. On T:17416 you reached level 12 of The Dungeons of Doom. On T:18765 you advanced to experience level 11. Score breakdown: Gold: 0 ( 0 points) Experience: 11 levels (17616 points) Exploration: 12 levels ( 24.00%) (14214 points) Discoveries: 25 items ( 10.20%) ( 9583 points) Valuables value: (no points given unless you survive) Artifact value: 0 ( 0 points) Variety of kills: 128 monsters ( 33.60%) (17388 points) Turncount: 19240 turns (-3345 points) Survival: died (score multiplied by 80%) Total score: 44364 Latest messages: You fall asleep. You wake up. There are a few objects here. You fall asleep. It bites! It touches you! It bites! It touches you! It bites! It touches you! It bites! It touches you! It bites! It touches you! It bites! It touches you! It bites! It touches you! It bites! The combat suddenly awakens you. The cockatrice touches you! You hear the cockatrice's hissing! You begin bashing monsters with your bare hands. You hit the cockatrice. You turn to stone... Final status: Farvel Mr T the Valkyrie, petrified by punching a cockatrice barehanded... You turned to stone in The Dungeons of Doom on dungeon level 8 with 44364 points, and 0 pieces of gold, after 19240 moves. You were level 11 with a maximum of 112 hit points when you turned to stone.